 Dungeon Crawl Stone Soup version 0.29-a0-251-g80730f7218 (webtiles) character file.

Game seed: 11878949705844795813

46188 avis the Grappler (level 14, -10/118 HPs)
             Began as a Hill Orc Monk on Mar 5, 2022.
             Was a High Priest of Beogh.
             Hit by a javelin thrown by a merfolk javelineer (23 damage)
             ... on level 1 of the Shoals.
             The game lasted 03:26:08 (29122 turns).

avis the Grappler (Hill Orc Monk)                  Turns: 29122, Time: 03:26:08

Health: -10/118    AC: 18    Str: 21    XL:     14   Next: 36%
Magic:  7/23       EV: 11    Int: 21    God:    Beogh [*****.]
Gold:   1448       SH:  5    Dex: 13    Spells: 8/25 levels left

rFire   . . .      SeeInvis .     - Unarmed
rCold   . . .      Faith    +   T - +0 buckler
rNeg    . . .      Spirit   .   M - +3 scale mail of Resilience {Regen+ Int+3 Slay+2}
rPois   +          Reflect  .   K - +1 helmet of the Marlin {Rampage Int+4}
rElec   .          Harm     .   c - +1 cloak
rCorr   .          Rampage  +   h - +2 pair of gloves
Will    +....                   q - +0 pair of boots
Stlth   ..........              e - amulet of faith
HPRegen 1.09/turn               p - ring of poison resistance
MPRegen 0.18/turn               w - +6 ring of strength

@: hasted, very quick
A: walk on water
a: Renounce Religion, Smiting, Recall Orcish Followers, Give Item to Named
Follower


You were on level 1 of the Shoals.
You worshipped Beogh.
Beogh was extremely pleased with you.
You visited 5 branches of the dungeon, and saw 20 of its levels.

You collected 1448 gold pieces.

Inventory:

Hand Weapons
 a - a +2 vorpal trident
 o - a +1 hand axe of draining
Missiles
 E - 2 throwing nets (quivered)
Armour
 c - a +1 cloak (worn)
 h - a +2 pair of gloves (worn)
 q - a +0 pair of boots (worn)
 K - the +1 helmet of the Marlin (worn) {Rampage Int+4}
   (You took it off Robin on level 4 of the Dungeon)

   Int:       It affects your intelligence (+4).
   Rampage:   It bestows one free step when moving towards enemies.
 M - the +3 scale mail of Resilience (worn) {Regen+ Int+3 Slay+2}
   (You found it on level 6 of the Lair of Beasts)

   Int:       It affects your intelligence (+3).
   Slay:      It affects your accuracy & damage with ranged weapons and melee
   (+2).
   Regen:     It increases your rate of health regeneration.
 T - a +0 buckler (worn)
Magical Staves
 b - a staff of air
Jewellery
 e - an amulet of faith (around neck)
 n - a +4 ring of evasion
 p - a ring of poison resistance (left hand)
 w - a +6 ring of strength (right hand)
 L - a ring of fire
 N - a ring of see invisible
Wands
 f - a wand of paralysis (3)
 l - a wand of flame (47)
 C - a wand of digging (4)
 P - a wand of polymorph (5)
 W - a wand of iceblast (13)
Scrolls
 d - 4 scrolls of fog
 g - a scroll of brand weapon {unknown}
 i - 2 scrolls of magic mapping
 j - 3 scrolls of amnesia {unknown}
 k - a scroll of acquirement {unknown}
 m - 3 scrolls of enchant armour {unknown}
 s - a scroll of vulnerability {unknown}
 t - a scroll of blinking {unknown}
 v - 8 scrolls of teleportation
 z - a scroll of silence {unknown}
 I - 3 scrolls of enchant weapon {unknown}
Potions
 r - 2 potions of ambrosia
 x - 2 potions of invisibility
 B - a potion of brilliance
 D - a potion of haste
 F - a potion of magic
 J - a potion of resistance
 S - 5 potions of flight
 Z - 4 potions of might
Miscellaneous
 G - a phantom mirror
 V - a box of beasts


   Skills:
 - Level 9.0 Fighting
 + Level 2.4 Armour
 - Level 5.0 Dodging
 - Level 1.5 Stealth
 - Level 4.0 Shields
 - Level 13.0 Unarmed Combat
 * Level 6.3 Spellcasting
 - Level 5.0 Translocations
 - Level 10.0 Transmutations
 - Level 5.0 Ice Magic
 - Level 5.0 Air Magic
 - Level 10.0 Invocations


You had 8 spell levels left.
You knew the following spells:

 Your Spells              Type           Power      Damage    Failure   Level
a - Blink                 Tloc           54%        N/A       7%          2
o - Ozocubu's Armour      Ice            27%        N/A       13%         3
M - Manifold Assault      Tloc           27%        N/A       77%         5
S - Storm Form            Tmut/Air       19%        N/A       100%        7

Your spell library contained the following spells:

 Spells                   Type           Power      Damage    Failure   Level
 Freeze                   Ice            100%       1d11      4%          1
 Frozen Ramparts          Ice            54%        1d7       13%         3
 Slow                     Hex            24%        N/A       34%         1
 Confusing Touch          Hex            6%         N/A       71%         3
 Vampiric Draining        Necr           6%         2d6       71%         3
 Hailstorm                Conj/Ice       17%        3d6       77%         4
 Metabolic Englaciation   Hex/Ice        8%         N/A       98%         5
 Fireball                 Conj/Fire      3%         3d4       100%        5
 Iskenderun's Battlesphe  Conj           6%         2d6       100%        5
 Conjure Ball Lightning   Conj/Air       8%         3x3d6     100%        6
 Simulacrum               Ice/Necr       8%         N/A       100%        6
 Orb of Destruction       Conj           3%         9d5       100%        7


Dungeon Overview and Level Annotations

Branches:
Dungeon (11/15)            Temple (1/1) D:6            Lair (6/6) D:9
 Shoals (1/4) Lair:4        Snake (0/4) Lair:3        Slime (0/5) Lair:6
    Orc (1/2) D:11

Altars:
Ashenzari
Cheibriados
Dithmenos
Fedhas
Gozag
Makhleb
Nemelex Xobeh
Qazlal
Ru
Uskayaw
Vehumet
Wu Jian
Yredelemnul
Zin
Beogh

Annotations:
D:4 1 runed translucent door, exclusion: door
D:6 2 runed translucent doors, exclusion: 2 doors
Lair:6 2 transporters, exclusion: oklob plant, WindUpCitrus's ghost, journeyman MiHu


Message History

Aim: an elephant (severely wounded, ally target, 100% to hit)
Beogh accepts your kill.
You feel a bit more experienced.
A nearby plant withers and dies.
You are engulfed in a cloud of scalding steam.
* * * LOW HITPOINT WARNING * * *
The plant is engulfed in a cloud of scalding steam.
A nearby plant withers and dies.
You are engulfed in a cloud of scalding steam.
* * * LOW HITPOINT WARNING * * *
The plant is engulfed in a cloud of scalding steam.
A snapping turtle comes into view.
The snapping turtle hisses angrily.
Aiming: Throw Flame
Press: ? - help, Shift-Dir - straight line, f - snapping turtle
Aim: a snapping turtle (ally target, 89% to hit)
Unknown command.
Orik hits something with a +1 spear!
Beogh accepts your kill.
You feel a bit more experienced.
You are engulfed in a cloud of scalding steam.
You are engulfed in a cloud of scalding steam.
* * * LOW HITPOINT WARNING * * *
Herok splashes around in the water.
A merfolk javelineer comes into view. It is wielding a +3 vampiric spear.
The harpy barely misses you. The harpy claws you.
* * * LOW HITPOINT WARNING * * *
Things that are here:
a +2 vorpal trident; a throwing net
a - a +2 vorpal trident;
E - 2 throwing nets (gained 1)
The harpy screeches!
Orik no longer looks unusually strong.
The harpy claws you.
* * * LOW HITPOINT WARNING * * *
The harpy claws you but does no damage.
Herok roars a battlecry!
Orik goes into a battle-frenzy!
The merfolk javelineer throws a javelin.
The javelin pierces through you!!
You die...

≈≈≈≈≈≈≈≈≈≈≈≈≈≈≈≈≈≈.#.
≈≈≈≈≈≈≈≈≈≈≈≈≈≈≈≈≈≈≈≈≈...
≈≈≈≈≈≈≈≈≈≈≈≈≈≈≈≈≈≈≈≈≈....#
≈≈≈≈≈≈≈≈≈≈≈≈≈≈≈PP.≈≈.....#
≈≈≈≈≈≈≈≈≈≈≈≈≈≈≈≈≈≈≈≈......
≈≈≈≈≈≈≈≈P≈P≈≈≈≈≈≈≈≈.......
≈≈≈≈≈P≈≈P≈PP≈≈≈≈≈..†......
≈≈≈≈≈P≈≈≈...≈≈≈≈o.........
≈≈≈≈P≈≈.....≈≈≈o@.........
≈≈≈≈≈≈...[^.P..H..........
≈≈≈≈≈≈...###...≈..........
≈≈≈≈≈≈..(###......####m###
≈≈≈≈≈≈≈≈≈.......### ≈..
≈≈≈≈≈≈≈≈≈...≈≈### ..
>.≈≈≈≈≈≈....≈....
..........###....
.##...###>≈##....


You could see a merfolk javelineer, a harpy (ally target), the friendly Herok
the orc knight (strong) and the friendly Orik the orc knight (strong).

Vanquished Creatures
  Snorg (Lair:6)
  3 hydras
  A merfolk avatar (Shoals:1)
  A centaur warrior (D:11)
  A two-headed ogre (D:11)
  Urug (D:10)
  2 sea snakes (Shoals:1)
  A deep troll (Lair:4)
  2 ugly things (D:11)
  2 manticores
  A black mamba (Lair:2)
  11 cane toads
  A gargoyle (D:11)
  5 komodo dragons
  4 rime drakes
  2 kobold demonologists
  A queen bee (Lair:1)
  A troll (D:9)
  2 tyrant leeches (Lair:6)
  9 blink frogs
  6 dream sheep (Lair:5)
  4 basilisks
  Sigmund (D:5)
  A water elemental (Shoals:1)
  A vampire (D:11)
  A wraith (D:10)
  26 yaks
  11 wyverns
  2 vampire mosquitoes (Lair:6)
  A naga (Lair:3)
  2 swamp worms (D:7)
  A hell hound (Lair:5)
  5 water moccasins
  2 orc warriors
  An ice beast (D:5)
  2 sky beasts
  2 ogres
  2 boggarts (Lair:4)
  10 wolves
  3 centaurs
  A phantom (D:4)
  A necrophage (D:6)
  2 gnoll sergeants
  10 bullfrogs
  8 wights
  13 killer bees
  4 howler monkeys (D:9)
  2 electric eels (D:9)
  A crimson imp (D:5)
  7 hounds
  A jelly (D:4)
  7 orc priests
  An iguana (D:5)
  11 orc wizards
  7 hell rats
  Robin (D:4)
  7 gnolls
  2 adders
  A shadow imp (D:7)
  An ufetubus (D:5)
  3 worms (D:2)
  4 dart slugs
  20 orcs
  11 bats
  12 endoplasms
  5 giant cockroaches
  11 goblins
  8 hobgoblins
  8 jackals
  6 kobolds
  5 quokkas
  5 ball pythons
  2 frilled lizards (D:3)
  5 rats
  A butterfly (Lair:3)
330 creatures vanquished.

Vanquished Creatures (collateral kills)
  6 hydras
  A two-headed ogre (D:9)
  A merfolk avatar (Shoals:1)
  A sea snake (Shoals:1)
  A goliath frog (Lair:6)
  3 harpies (Shoals:1)
  4 black mambas
  An elephant (Shoals:1)
  A torpor snail (Lair:5)
  13 cane toads
  A rime drake (Lair:5)
  8 komodo dragons
  A merfolk (Shoals:1)
  A troll (D:9)
  A meliai (Shoals:1)
  2 wind drakes
  2 tyrant leeches (Lair:6)
  2 snapping turtles (Shoals:1)
  16 blink frogs
  3 wyverns
  20 yaks
  A wraith (D:10)
  4 basilisks
  A steam dragon (D:8)
  3 vampire mosquitoes (Lair:6)
  5 nagas (Lair:3)
  2 acid dragons
  13 water moccasins
  A sky beast (D:8)
  2 orc warriors
  A black bear (D:6)
  An ice beast (D:7)
  7 wolves
  2 boggarts (Lair:4)
  A centaur (D:8)
  14 bullfrogs
  2 scorpions
  21 killer bees
  A vampire bat (Lair:1)
  An electric eel (D:9)
  3 hounds
  An orc priest (Orc:1)
  3 orc wizards
  4 hell rats
  An ufetubus (D:7)
  8 orcs
  5 bats (Lair:1)
197 creatures vanquished.

Vanquished Creatures (others)
  2 orc knights (Lair:1)
  6 orc priests
  2 orc wizards
  18 orcs
  36 fungi
  112 plants
176 creatures vanquished.

Grand Total: 703 creatures vanquished

Notes
Turn   | Place    | Note
-------+----------+-------------------------------------------
     0 | D:1      | avis the Hill Orc Monk began the quest for the Orb.
     0 | D:1      | Reached XP level 1. HP: 19/19 MP: 1/1
   176 | D:1      | Reached XP level 2. HP: 15/26 MP: 2/2
   180 | D:1      | Reached skill level 4 in Unarmed Combat
   950 | D:1      | Reached XP level 3. HP: 31/31 MP: 3/3
  1156 | D:1      | Found a roughly hewn altar of Beogh.
  1203 | D:1      | Found a faded altar of an unknown god.
  1748 | D:2      | Reached skill level 5 in Unarmed Combat
  2322 | D:2      | Found a radiant altar of Vehumet.
  2360 | D:2      | Reached XP level 4. HP: 40/40 MP: 4/4
  3069 | D:3      | Reached skill level 5 in Fighting
  3070 | D:3      | Became a worshipper of Beogh the Brigand
  3070 | D:3      | Reached * piety under Beogh
  3070 | D:3      | Reached ** piety under Beogh
  3572 | D:4      | Noticed a +0 dagger
  3572 | D:4      | Noticed a +0 falchion
  3578 | D:4      | Reached skill level 1 in Invocations
  3578 | D:4      | Reached XP level 5. HP: 34/48 MP: 5/5
  3579 | D:4      | Noticed a +0 short sword
  3581 | D:4      | Noticed a +0 dagger
  3583 | D:4      | Noticed a +0 falchion
  3583 | D:4      | Noticed a +0 spear
  3584 | D:4      | Noticed a +0 spear
  3591 | D:4      | Noticed a +0 short sword
  3600 | D:4      | Found a hide-covered altar of Uskayaw.
  3782 | D:4      | Found a runed translucent door.
  3837 | D:4      | Noticed an ogre
  3857 | D:4      | Killed an ogre
  3858 | D:4      | Reached skill level 6 in Unarmed Combat
  3858 | D:4      | Reached XP level 6. HP: 34/56 MP: 5/7
  4373 | D:4      | Identified the +1 helmet of the Marlin {Rampage Int+4}
  4373 | D:4      | Noticed Robin
  4395 | D:4      | Killed Robin
  4739 | D:4      | Reached skill level 7 in Unarmed Combat
  5398 | D:5      | Entered Level 5 of the Dungeon
  5581 | D:5      | Reached XP level 7. HP: 61/61 MP: 9/9
  5893 | D:5      | Reached *** piety under Beogh
  6394 | D:5      | Found a radiant altar of Vehumet.
  6395 | D:5      | Found a burning altar of Makhleb.
  6458 | D:5      | Noticed Sigmund
  6460 | D:5      | Killed Sigmund
  6768 | D:5      | Reached skill level 8 in Unarmed Combat
  6768 | D:5      | Reached skill level 5 in Invocations
  6768 | D:5      | Reached XP level 8. HP: 57/70 MP: 11/11
  7171 | D:6      | Found a basalt altar of Yredelemnul.
  7190 | D:6      | Reached skill level 9 in Unarmed Combat
  7280 | D:6      | Learned a level 3 spell: Ozocubu's Armour
  7425 | D:6      | Found a runed translucent door.
  7427 | D:6      | Reached skill level 1 in Ice Magic
  7436 | D:6      | Found a runed translucent door.
  7446 | D:6      | Found a staircase to the Ecumenical Temple.
  7627 | D:6      | Found a shadowy altar of Dithmenos.
  7629 | D:6      | Found a sacrificial altar of Ru.
  7874 | Temple   | Entered the Ecumenical Temple
  8253 | D:7      | Reached XP level 9. HP: 49/79 MP: 13/13
  8892 | D:7      | Reached skill level 10 in Unarmed Combat
  9603 | D:8      | Found a snail-covered altar of Cheibriados.
  9621 | D:8      | Reached skill level 11 in Unarmed Combat
 10198 | D:8      | Reached **** piety under Beogh
 10356 | D:9      | Reached XP level 10. HP: 52/86 MP: 12/16
 10566 | D:9      | Reached skill level 5 in Dodging
 10688 | D:9      | Noticed a two-headed ogre
 10700 | D:9      | Killed a two-headed ogre
 10700 | D:9      | Gained Spirok as an ally
 11372 | D:9      | Reached skill level 12 in Unarmed Combat
 11619 | D:9      | Found a staircase to the Lair.
 12361 | Lair:1   | Entered Level 1 of the Lair of Beasts
 12764 | Lair:1   | Reached skill level 13 in Unarmed Combat
 13138 | Lair:1   | Reached ***** piety under Beogh
 13338 | Lair:1   | Reached XP level 11. HP: 94/94 MP: 17/17
 13488 | Lair:1   | Reached skill level 5 in Ice Magic
 13505 | Lair:1   | Reached skill level 10 in Invocations
 13526 | Lair:1   | Your ally Spirok died
 13983 | Lair:1   | Learned a level 7 spell: Storm Form
 14011 | D:10     | Entered Level 10 of the Dungeon
 14119 | D:9      | Reached skill level 1 in Transmutations
 14319 | D:10     | Found an ornate altar of the Wu Jian Council.
 14358 | D:10     | Reached skill level 1 in Spellcasting
 14432 | D:10     | Noticed Urug
 14445 | D:10     | Killed Urug
 14446 | D:10     | Reached skill level 1 in Air Magic
 14934 | D:10     | Reached skill level 1 in Shields
 15507 | D:10     | Found a glowing silver altar of Zin.
 15507 | D:10     | Noticed an angel
 16537 | Lair:2   | Reached XP level 12. HP: 95/104 MP: 15/19
 16540 | Lair:2   | Gained Warrok as an ally
 17469 | Lair:3   | Noticed a five-headed hydra
 17479 | Lair:3   | Killed a five-headed hydra
 18075 | Lair:3   | Reached skill level 5 in Transmutations
 18274 | Lair:3   | Found a staircase to the Snake Pit.
 19108 | Lair:4   | Identified the +0 chain mail of Intense Knowledge {Rampage
                  | rF- Dex+3}
 19182 | Lair:4   | Noticed an eight-headed hydra
 19301 | Lair:4   | Found a staircase to the Shoals.
 19809 | Lair:4   | Reached ****** piety under Beogh
 20092 | D:11     | Found a staircase to the Orcish Mines.
 20224 | D:11     | Noticed a two-headed ogre
 20244 | D:11     | Killed a two-headed ogre
 20966 | D:11     | Noticed a centaur warrior
 20979 | D:11     | Killed a centaur warrior
 20980 | D:11     | Reached XP level 13. HP: 84/111 MP: 17/20
 21355 | Lair:1   | Learned a level 5 spell: Manifold Assault
 23005 | Lair:5   | Identified the +9 spear of Leneirph {vorpal, Str+3 Dex+4}
 23095 | Lair:5   | You fall into a shaft and drop 1 floor!
 23095 | Lair:6   | Entered Level 6 of the Lair of Beasts
 23105 | Lair:6   | Reached skill level 10 in Transmutations
 24029 | Lair:5   | Reached skill level 5 in Air Magic
 24056 | Lair:5   | Reached skill level 1 in Translocations
 24331 | Orc:1    | Entered Level 1 of the Orcish Mines
 24428 | D:11     | Learned a level 2 spell: Blink
 24841 | Lair:6   | Noticed Snorg
 26404 | Lair:6   | Gained Herok as an ally
 26498 | Lair:6   | Reached skill level 5 in Translocations
 26825 | Lair:6   | Reached XP level 14. HP: 104/118 MP: 18/21
 26866 | Lair:6   | Noticed WindUpCitrus's ghost (journeyman MiHu)
 27401 | Lair:6   | Found a hide-covered altar of Uskayaw.
 27550 | Lair:6   | Gained Orik as an ally
 27560 | Lair:6   | Reached skill level 5 in Spellcasting
 27852 | Lair:6   | Found a transporter.
 27907 | Lair:6   | Found a transporter.
 28002 | Lair:6   | Identified the +3 scale mail of Resilience {Regen+ Int+3
                  | Slay+2}
 28075 | Lair:6   | Killed Snorg
 28547 | Shoals:1 | Entered Level 1 of the Shoals
 28613 | Shoals:1 | Reached skill level 1 in Armour
 29084 | Shoals:1 | HP: 5/118 [harpy (7)]
 29084 | Shoals:1 | HP: 1/118 [harpy (4)]
 29089 | Shoals:1 | HP: 4/118 [harpy (5)]
 29122 | Shoals:1 | Hit by a javelin thrown by a merfolk javelineer

Illustrated notes

Levels and vault maps discovered:
D:1:      lightli_arrival_farm, layout_basic,
          hellmonk_ecumenical_altar_defaced_shrine
D:2:      layout_rooms, basic_altar
D:3:      layout_rooms, kennysheep_generic_room_8
D:4:      cheibrodos_pilgrimage, layout_loops_corners,
          nicolae_uskayaw_en_pointe, uniq_crazy_yiuf_cottage, uniq_robin
D:5:      layout_cave_pods, grunt_temple_overflow_lords_of_destruction,
          chequers_avenue, uniq_sigmund
D:6:      lemuel_insect_pit, layout_basic, minitemple,
          minmay_temple_entry_waves, minmay_misc_feat_cross
D:7:      layout_cave_pools, minmay_fountain_box, worms_lemuel
D:8:      layout_rooms, cheibriados_altar_1
D:9:      layout_roguey, erik_lair_island
D:10:     layout_irregular_city, zin_angel, nicolae_wu_jian_wuxing_cycle,
          dk_rats_in_the_wall, uniq_urug
D:11:     layout_cave_pools, hiddenorc2_lemuel, kennysheep_windowed_goal
Temple:   cyrus_circular_temple
Lair:1:   layout_gridlike, special_room [special_room_bee], st_stairs_6,
          roderic_batcave, grunt_megastairs_2
Lair:2:   layout_gridlike, grunt_forest_small_clearing_treed, grunt_megastairs_1
Lair:3:   layout_regular_city, minmay_snake_entry_guardpost_medium,
          serial_bayou_pond_c, cheibrodos_lair_caveside_slide,
          lemuel_fruit_fields
Lair:4:   dreamdust_cave_troll, layout_regular_city, minmay_shoals_entry_beasts,
          kilobyte_rumbling_trees
Lair:5:   layout_small_grid, special_room [special_room_mythical_zoo],
          grunt_megastairs_5, infiniplex_staircase_pool_2, serial_bayou_shore_a
Lair:6:   minmay_lair_end_frog_pond, layout_loops_ring,
          minmay_slime_entry_oklob_enclosed, nzn_ghost_randoct, basic_altar,
          uniq_snorg
Shoals:1: layout_shoals, regret_index_shoals_crete
Orc:1:    layout_caves, basic_altar, special_room [special_room_orc]

Skill      XL: |  1  2  3  4  5  6  7  8  9 10 11 12 13 14 |
---------------+-------------------------------------------+-----
Unarmed Combat | 4 5 6 7 8 9 11 13 | 13.0
Fighting       | 4 5 6 7 8 9 |  9.0
Invocations    | 1 2 3 5 6 8 9 10 | 10.0
Dodging        | 3 4 5 |  5.0
Ice Magic      | 3 5 |  5.0
Transmutations | 3 8 10 | 10.0
Spellcasting   | 2 3 6 |  6.3
Air Magic      | 3 5 |  5.0
Shields        | 4 |  4.0
Translocations | 5 |  5.0
Armour         | 2 |  2.4
Stealth        | |  1.5

Action                   |  1- 3 |  4- 6 |  7- 9 | 10-12 | 13-15 || total
-------------------------+-------+-------+-------+-------+-------++-------
Melee: Unarmed           |   150 |   131 |   252 |   585 |   544 ||  1662
       Punch             |    10 |     5 |    16 |    24 |       ||    55
       Rapier            |       |     2 |       |       |       ||     2
 Fire: Hunting sling     |       |    81 |    17 |       |       ||    98
Throw: Boomerang         |       |     2 |     3 |       |       ||     5
 Cast: Ozocubu's Armour  |       |       |     8 |    71 |    66 ||   145
       Manifold Assault  |       |       |       |       |     2 ||     2
Invok: Convert to Beogh  |       |     1 |       |       |       ||     1
       Smiting           |       |       |     2 |    11 |     9 ||    22
       Recall Orcish Fol |       |       |       |     7 |     8 ||    15
       Stop Recall       |       |       |       |     2 |     4 ||     6
       Give Item to Name |       |       |       |     1 |     2 ||     3
       Resurrection      |       |       |       |       |     1 ||     1
Evoke: Wand              |       |       |       |     2 |     6 ||     8
  Use: Potion            |     1 |       |     1 |     5 |    17 ||    24
       Scroll            |       |       |     7 |     8 |     3 ||    18
 Stab: Sleeping          |     3 |       |     2 |     5 |       ||    10
       Distracted        |     1 |       |     2 |     6 |     5 ||    14
Armor: Robe              |     3 |       |    20 |       |       ||    23
       Leather armour    |    20 |       |       |       |       ||    20
       Chain mail        |    15 |    95 |    58 |       |       ||   168
       Steam dragon scal |       |       |    28 |   242 |   242 ||   512
       Skin              |       |       |       |       |    22 ||    22
       Scale mail        |       |       |       |       |    53 ||    53
Dodge: Dodged            |    53 |    32 |   118 |   366 |   311 ||   880
Block: Buckler           |       |       |       |    45 |   143 ||   188

Table legend: (Time is in decaauts)
 A = Elapsed time spent in this place.
 B = Non-inter-level travel time spent in this place.
 C = Inter-level travel time spent in this place.
 D = Time resting spent in this place.
 E = Time spent auto-exploring this place.
 F = Levels seen in this place.
 G = Mean time per level.
                   A        B        C        D        E       F      G
               +--------+--------+--------+--------+--------+-----+--------+
         Total |  29075 |  25281 |   3794 |   9013 |   9061 |  20 | 1453.8 |
       Dungeon |  16433 |  14344 |   2089 |   5472 |   5384 |  11 | 1493.9 |
        Temple |    159 |    156 |      3 |      0 |      0 |   1 |  159.0 |
          Lair |  11617 |   9916 |   1701 |   3462 |   3551 |   6 | 1936.2 |
        Shoals |    570 |    570 |      0 |     79 |     35 |   1 |  570.0 |
  Orcish Mines |    294 |    294 |      0 |      0 |     90 |   1 |  294.0 |
               +--------+--------+--------+--------+--------+-----+--------+

Top non-repeatable levels by time:
  Lair:5: 3116 daAuts
  Lair:1: 2191 daAuts
     D:9: 2120 daAuts
     D:1: 2023 daAuts
    D:11: 1937 daAuts
  Lair:4: 1908 daAuts
     D:4: 1890 daAuts
  Lair:2: 1615 daAuts
  Lair:3: 1583 daAuts
     D:6: 1498 daAuts
     D:5: 1493 daAuts
    D:10: 1475 daAuts
     D:7: 1261 daAuts
  Lair:6: 1202 daAuts
     D:8: 1047 daAuts
